 Dungeon Crawl Stone Soup version 0.29-a0-362-g5854e031c7 (webtiles) character file.

Game seed: 4605190012339888535

860 zeratav the Cleaver (level 7, -1/55 HPs)
             Began as a Demonspawn Berserker on Apr 29, 2022.
             Was a Believer of Trog.
             Slain by an orc wizard
             ... wielding a +0 dagger
              (4 damage)
             ... on level 6 of the Dungeon.
             The game lasted 00:09:49 (4280 turns).

zeratav the Cleaver (Demonspawn Berserker)          Turns: 4280, Time: 00:09:50

Health: -1/55      AC:  3    Str: 25    XL:     7   Next: 71%
Magic:  7/7        EV: 12    Int:  8    God:    Trog [**....]
Gold:   201        SH:  0    Dex: 13    Spells: 6/6 levels left

rFire   . . .      SeeInvis .   a - +0 hand axe {axe}
rCold   . . .      Faith    .   (no shield)
rNeg    . . .      Spirit   .   e - +0 leather armour
rPois   .          Reflect  .   (helmet restricted)
rElec   .          Harm     .   (no cloak)
rCorr   .          Rampage  .   (no gloves)
Will    ++...                   (no boots)
Stlth   +.........              (no amulet)
HPRegen 1.18/turn               p - +6 ring of strength
MPRegen 0.10/turn               (no ring)

@: strong-willed, regenerating
A: antennae 2, icemail 1, powered by death 2, condensation shield
a: Renounce Religion, Berserk, Trog's Hand


You were on level 6 of the Dungeon.
You worshipped Trog.
Trog was pleased with you.
You visited 1 branch of the dungeon, and saw 6 of its levels.

You collected 201 gold pieces.


Innate Abilities, Weirdness & Mutations

You have a pair of antennae on your head.
A meltable icy envelope protects you from harm. (AC +0)
You regenerate health from kills.
A meltable shield of frost defends you. (SH +0)


   Skills:
 + Level 4.4 Fighting
 - Level 8.0 Axes
 - Level 1.7 Armour
 - Level 1.7 Dodging


You had 6 spell levels left.
You didn't know any spells.
Your spell library contained the following spells:

 Spells                   Type           Power      Damage    Failure   Level
 Animate Skeleton         Necr           0%         N/A       43%         1
 Apportation              Tloc           0%         N/A       43%         1
 Summon Small Mammal      Summ           0%         N/A       43%         1

Inventory:

Hand Weapons
 a - a +0 hand axe (weapon) {axe}
 h - a +0 dagger of speed {short}
   (You took it off a kobold on level 1 of the Dungeon)
 v - a +0 flail {mace}
   (You took it off an orc on level 3 of the Dungeon)
 G - a -1 short sword of speed {short}
   (You found it on level 6 of the Dungeon)
 H - a -3 executioner's axe {axerare=g}
   (You found it on level 6 of the Dungeon)
Armour
 b - a +0 leather armour
   (You found it on level 1 of the Dungeon)
 e - a +0 leather armour (worn)
   (You found it on level 1 of the Dungeon)
 q - a +0 robe
   (You took it off Jessica on level 2 of the Dungeon)
 s - a +0 robe
   (You took it off Sigmund on level 2 of the Dungeon)
 u - a +0 leather armour
   (You took it off an orc on level 3 of the Dungeon)
 x - a +0 robe
   (You took it off an orc wizard on level 3 of the Dungeon)
 y - a +0 chain mail
   (You took it off an orc on level 3 of the Dungeon)
 z - a +0 leather armour
   (You took it off an orc on level 3 of the Dungeon)
 A - a +0 ring mail
   (You took it off a hobgoblin on level 3 of the Dungeon)
 B - a +2 leather armour of cold resistance
   (You found it on level 3 of the Dungeon)
 I - a +0 robe
   (You found it on level 6 of the Dungeon)
Jewellery
 m - a ring of wizardry
   (You found it on level 2 of the Dungeon)
 n - an amulet of guardian spirit
   (You found it on level 2 of the Dungeon)
 p - a +6 ring of strength (left hand)
   (You found it on level 2 of the Dungeon)
Wands
 r - a wand of flame (13)
   (You took it off Jessica on level 2 of the Dungeon)
Scrolls
 d - a scroll of immolation {unknown}
 k - a scroll of fear {unknown}
 l - 4 scrolls of identify {unknown}
 o - a scroll of vulnerability {unknown}
 D - a scroll of teleportation {unknown}
 E - a scroll of brand weapon {unknown}
Potions
 c - a potion of brilliance {unknown}
 f - 4 potions of mutation {unknown}
 g - 3 potions of lignification {unknown}
 i - 2 potions of attraction {unknown}
 j - a potion of ambrosia {unknown}
 t - 2 potions of heal wounds {unknown}
 w - a potion of curing {unknown}
 C - a potion of berserk rage {unknown}
 F - a potion of haste {unknown}

Dungeon Overview and Level Annotations

Branches:
Dungeon (7/15)             Temple (0/1) D:4

Altars:
Xom

Annotations:
D:7 Dowan, Duvessa

..#.....##......#
#....#..........#
#....##.........
..#......#....## .
##..#..##...#
.....#......#######
#.... ###...........
...#......#.........
#..##.....##@o......
.. ../.#...ooo......
>...##...F.######
### ....#.o.
#.##.##... # #. ...o
# ..... ....<.


You could see a bullfrog, 2 orc priests, an orc wizard and 3 orcs.


Message History

You hear a croak.
The bullfrog barely misses you. The bullfrog hits you!
An orc priest comes into view. It is wielding a +0 mace.
HP[-7]
You take 7 damage, and now have 45/53 hp.
The orc priest shouts!
You hit the bullfrog.
You hear a loud, deep croak!
The bullfrog closely misses you.
You hit the bullfrog. The bullfrog hits you.
HP[-1]
You take 1 damage, and now have 44/53 hp.
You slash the bullfrog!
You kill the bullfrog!
Trog accepts your kill.
The orc priest looks braver for a moment.
An orc priest comes into view. It is wielding a +0 club.
The orc hits you but does no damage.
Your Fighting skill increases to level 4!
Found a stone staircase leading up.
You see here a bullfrog corpse.
HP[+2]
You now have 55 max hp (+2).
You regained 2 hp, and now have 46/55 hp.
You closely miss the orc.
The orc wizard gestures at you while chanting.
The puff of flame hits you.
Your icy defenses dissipate!
The orc hits you with a +0 trident.
You are too injured to fight recklessly!
HP[-8]
You take 8 damage, and now have 38/55 hp.
You are too injured to fight recklessly!
You are too injured to fight recklessly!
You are too injured to fight recklessly!
You are too injured to fight recklessly!
You are too injured to fight recklessly!
You are too injured to fight recklessly!
You are too injured to fight recklessly!
You are too injured to fight recklessly!
You are too injured to fight recklessly!
You are too injured to fight recklessly!
You are too injured to fight recklessly!
You are too injured to fight recklessly!
You are too injured to fight recklessly!
You are too injured to fight recklessly!
You are too injured to fight recklessly!
You are too injured to fight recklessly!
You are too injured to fight recklessly!
You are too injured to fight recklessly!
You are too injured to fight recklessly!
Your skin crawls.
You feel strong-willed.
An orc comes into view. It is wielding a +0 mace.
The orc hits you with a +0 trident.
HP[-3]
You take 3 damage, and now have 35/55 hp.
You are too injured to fight recklessly!
You are too injured to fight recklessly!
You are too injured to fight recklessly!
You closely miss the orc wizard. You closely miss the orc.
The orc shouts!
You hear a shout!
The orc wizard points at you and mumbles some strange words.
The magic dart hits you. The orc hits you with a +0 trident.
A bullfrog comes into view.
HP[-4]
You take 4 damage, and now have 31/55 hp.
The bullfrog gives a loud, deep croak!
You hit the orc wizard but do no damage.
You hit the orc. You hit the orc priest.
The orc priest hits you with a +0 mace.
* * * LOW HITPOINT WARNING * * *
The orc priest mumbles some strange prayers to Beogh against you.
Beogh smites you!
* * * LOW HITPOINT WARNING * * *
HP[-16]
You take 16 damage, and now have 15/55 hp.
MASSIVE DAMAGE!! (PAUSE)
You barely miss the orc. You barely miss the orc priest.
You completely miss the orc wizard.
The orc priest hits you but does no damage.
The orc hits you with a +0 trident.
* * * LOW HITPOINT WARNING * * *
An orc comes into view. It is wielding a +0 flail.
HP[-3]
You take 3 damage, and now have 12/55 hp.
You closely miss the orc priest. You hit the orc but do no damage.
You hit the orc priest. You closely miss the orc wizard.
The orc priest barely misses you. The orc wizard misses you.
The orc priest calls upon Beogh to heal the orc.
The orc's wounds heal themselves!
The orc hits you with a +0 trident.
* * * LOW HITPOINT WARNING * * *
HP[-5]
You take 5 damage, and now have 7/55 hp.
You hit the orc priest. You hit the orc wizard.
You hit the orc priest but do no damage.
You barely miss the orc. The orc priest hits you with a +0 mace.
* * * LOW HITPOINT WARNING * * *
The orc wizard hits you with a +0 dagger.
You die...

Skill      XL: |  1  2  3  4  5  6  7 |
---------------+----------------------+-----
Axes           | 3 4 6 7 8 |  8.0
Fighting       | 4 |  4.4
Armour         | |  1.7
Dodging        | |  1.7

Action                   |  1- 3 |  4- 6 |  7- 9 || total
-------------------------+-------+-------+-------++-------
Melee: Hand axe          |    93 |   129 |    86 ||   308
       Flail             |       |    20 |       ||    20
       Punch             |       |     1 |       ||     1
Invok: Berserk           |     2 |     2 |     1 ||     5
       Trog's Hand       |       |     3 |     1 ||     4
Armor: Leather armour    |    21 |    46 |    34 ||   101
       Animal skin       |     2 |       |       ||     2
Dodge: Dodged            |    70 |    89 |    56 ||   215
Block: Other             |       |    19 |    12 ||    31

Levels and vault maps discovered:
D:1:      heliophobic_arrival_glass_houses, layout_basic
D:2:      layout_basic, basic_altar, shapermc_ecumenical_altar_starsandcircs,
          uniq_sigmund, uniq_jessica
D:3:      layout_loops_ring
D:4:      minmay_inner_zag, layout_loops_cross, minmay_temple_entry_wispy,
          uniq_menkaure
D:6:      old_forge, layout_basic, hangedman_decor_points,
          minmay_misc_feat_encased
D:7:      layout_loops_ring, grunt_dithmenos_shadows, gup_ossuary_entry_pyramid,
          dk_rats_in_the_wall, uniq_duvessa, uniq_maggie

Notes
Turn   | Place    | Note
-------+----------+-------------------------------------------
     0 | D:1      | zeratav the Demonspawn Berserker began the quest for the
                  | Orb.
     0 | D:1      | Reached XP level 1. HP: 18/18 MP: 1/1
     0 | D:1      | magus.rc [v1.9.6]
   104 | D:1      | HP: 5/27 [quokka (3)]
   105 | D:1      | HP: 2/27 [quokka (3)]
   109 | D:1      | Reached skill level 3 in Axes
   547 | D:1      | Gained mutation: You have a pair of small antennae on your
                  | head. [demonic ancestry]
   547 | D:1      | Reached XP level 2. HP: 24/24 MP: 2/2
  1173 | D:2      | Gained mutation: You have a pair of antennae on your head.
                  | [demonic ancestry]
  1173 | D:2      | Reached XP level 3. HP: 17/29 MP: 3/3
  1364 | D:2      | Found a faded altar of an unknown god.
  1369 | D:2      | Reached ** piety under Trog
  1383 | D:2      | Reached skill level 4 in Axes
  1585 | D:2      | Gained mutation: A meltable shield of frost defends you.
                  | (SH +0) [demonic ancestry]
  1585 | D:2      | Reached XP level 4. HP: 25/35 MP: 4/4
  1669 | D:2      | magus.rc [v1.9.6]
  1841 | D:2      | Found a shimmering altar of Xom.
  1892 | D:2      | Noticed Jessica
  1906 | D:2      | Killed Jessica
  2199 | D:2      | Noticed Sigmund
  2210 | D:2      | Killed Sigmund
  2211 | D:2      | Reached skill level 6 in Axes
  2211 | D:2      | Gained mutation: You regenerate a little health from kills.
                  | [demonic ancestry]
  2211 | D:2      | Reached XP level 5. HP: 41/41 MP: 5/5
  2211 | D:2      | Gained mutation: A meltable icy envelope protects you from
                  | harm. (AC +0) [demonic ancestry]
  2211 | D:2      | Reached XP level 6. HP: 47/47 MP: 6/6
  2336 | D:2      | You pick up a book of Cantrips {forbidden} and begin
                  | reading...
  2336 | D:2      | You add the spells Animate Skeleton, Summon Small Mammal
                  | and Apportation to your library.
  3319 | D:4      | Found a staircase to the Ecumenical Temple.
  3467 | D:4      | You fall into a shaft and drop 3 floors!
  3503 | D:7      | Noticed Dowan
  3509 | D:7      | Noticed Duvessa
  3554 | D:6      | Reached skill level 7 in Axes
  3601 | D:6      | Gained mutation: You regenerate health from kills. [demonic
                  | ancestry]
  3601 | D:6      | Reached XP level 7. HP: 31/52 MP: 7/7
  3605 | D:6      | HP: 12/52 [acid (2)]
  3606 | D:6      | HP: 4/52 [acid (2)]
  3884 | D:6      | Reached skill level 8 in Axes
  3924 | D:6      | H - a -3 executioner's axe {axerare=g}
  4273 | D:6      | Reached skill level 4 in Fighting
  4278 | D:6      | HP: 12/55 [orc/+0 trident (5)]
  4280 | D:6      | HP: 3/55 [orc priest/+0 mace (5)]
  4280 | D:6      | Slain by an orc wizard

Vanquished Creatures
  Sigmund (D:2)
  A phantom (D:3)
  A bullfrog (D:6)
  5 scorpions (D:6)
  A jelly (D:6)
  A hound (D:2)
  Jessica (D:2)
  An orc wizard (D:3)
  6 adders
  An ufetubus (D:6)
  2 worms
  2 dart slugs
  8 orcs
  4 endoplasms
  6 goblins
  9 hobgoblins
  6 jackals
  2 quokkas
  3 ball pythons
  10 bats
  3 frilled lizards
  6 kobolds
  3 rats
83 creatures vanquished.

Vanquished Creatures (others)
  6 fungi (D:6)
6 creatures vanquished.

Grand Total: 89 creatures vanquished

Table legend:
 A = Non-vault XP
 B = Vault XP
 C = Vault XP percentage of total XP
 D = Non-vault monster count
 E = Vault monster count
 F = Vault count percentage of total count
                 A         B        C        D         E       F
            +---------+---------+-------+---------+---------+-------
      Total |     497 |     732 |  59.6 |      67 |      16 |  19.3
            +---------+---------+-------+---------+---------+-------
        D:1 |      35 |       0 |   0.0 |      22 |       0 |   0.0
        D:2 |      92 |     280 |  75.3 |      16 |       2 |  11.1
        D:3 |     183 |       0 |   0.0 |      19 |       0 |   0.0
        D:4 |       9 |       0 |   0.0 |       4 |       0 |   0.0
        D:6 |     178 |     452 |  71.7 |       6 |      14 |  70.0
            +---------+---------+-------+---------+---------+-------

Illustrated notes

Table legend:
 A = Kills in this place as a percentage of kills in entire the game.
 B = Kills by you in this place as a percentage of kills by you in the entire game.
 C = Kills by friends in this place as a percentage of kills by friends in the entire game.
 D = Other kills in this place as a percentage of other kills in the entire game.
 E = Experience gained in this place as a percentage of experience gained in the entire game.
 F = Experience gained in this place divided by the number of levels of this place that you have seen.
                   A       B       C       D       E      F
               +-------+-------+-------+-------+-------+----------------------
         Total | 100.0 | 100.0 |   N/A |   N/A | 100.0 | 204.8
       Dungeon | 100.0 | 100.0 |   N/A |   N/A | 100.0 | 204.8
               +-------+-------+-------+-------+-------+----------------------

Table legend: (Time is in decaauts)
 A = Elapsed time spent in this place.
 B = Non-inter-level travel time spent in this place.
 C = Inter-level travel time spent in this place.
 D = Time resting spent in this place.
 E = Time spent auto-exploring this place.
 F = Levels seen in this place.
 G = Mean time per level.
                   A        B        C        D        E       F      G
               +--------+--------+--------+--------+--------+-----+--------+
         Total |   4327 |   4256 |     71 |   1396 |   2191 |   6 |  721.2 |
       Dungeon |   4327 |   4256 |     71 |   1396 |   2191 |   6 |  721.2 |
               +--------+--------+--------+--------+--------+-----+--------+

Top non-repeatable levels by time:
     D:2: 1499 daAuts
     D:1: 1133 daAuts
     D:6: 747 daAuts
     D:3: 726 daAuts
     D:4: 157 daAuts
     D:7: 62 daAuts
